 Dungeon Crawl Stone Soup version 0.31-a0-844-gdc52ec4e09 (webtiles) character file.

Game seed: 2197050253152251420

1509 porpoise the Cutter (level 8, 0/36 HPs)
             Began as a Vine Stalker Enchanter on Sept 30, 2023.
             Was an Initiate of Ashenzari.
             Slain by a bullfrog (6 damage)
             ... on level 7 of the Dungeon.
             The game lasted 00:30:02 (6697 turns).

porpoise the Cutter (Vine Stalker Enchanter)        Turns: 6697, Time: 00:30:02

Health: 0/36       AC:  9    Str: 10    XL:     8   Next: 82%
Magic:  0/16       EV: 12    Int: 17    God:    Ashenzari [......]
Gold:   223        SH:  0    Dex: 16    Spells: 8/16 levels left

rFire   . . .        a - +3 dagger
rCold   . . .        (no shield)
rNeg    + + .        x - +0 robe of Quta {Fly rN++}
rPois   .            (no helmet)
rElec   .            k - +0 cloak "Chained With Me" {Dev, Cun} (curse)
rCorr   .            w - +1 pair of gloves
SInv    .            (no boots)
Will    +....        q - amulet of regeneration
Stlth   +++          o - +4 ring of protection
HPRegen 1.86/turn    (no ring)
MPRegen 0.15/turn

%: guardian spirit
@: about to teleport, flying, slowed, very slow
A: fangs 3, regeneration 1, magic shield, antimagic bite, no potion heal 2
a: Renounce Religion, Shatter the Chains


You were on level 7 of the Dungeon.
You worshipped Ashenzari.
Ashenzari was noncommittal.
You visited 1 branch of the dungeon, and saw 7 of its levels.
You also visited: Sewer.

You collected 279 gold pieces.
You spent 56 gold pieces at shops.

Inventory:

Hand Weapons
 a - a +3 dagger (weapon)
Missiles
 m - 2 poisoned darts
Armour
 j - an orb of energy
 k - the cursed +0 cloak "Chained With Me" (worn) {Dev, Cun}
   (You took it off Crazy Yiuf on level 6 of the Dungeon)

   It has a curse which improves the following skills: Devices: Evocations and
   Shapeshifting.
   Cunning:   Dodging and Stealth.
 w - a +1 pair of gloves (worn)
 x - the +0 robe of Quta (worn) {Fly rN++}
   (You found it on level 7 of the Dungeon)

   rN++:      It greatly protects you from negative energy.
   Fly:       It grants you flight.
Jewellery
 o - a +4 ring of protection (left hand)
 q - an amulet of regeneration (around neck)
 v - a ring of resist corrosion
Wands
 b - a wand of polymorph (12)
Scrolls
 d - 3 scrolls of fog
 f - a scroll of vulnerability
 g - 2 scrolls of enchant armour
 h - 2 scrolls of enchant weapon
 l - a scroll of teleportation
 n - a scroll of amnesia
 p - 2 scrolls of noise
 s - a scroll of summoning
 t - 2 scrolls of blinking
Potions
 c - 2 potions of invisibility
 e - a potion of resistance
 i - a potion of lignification
 r - a potion of brilliance
 u - a potion of curing


   Skills:
 * Level 6.9 Short Blades
 - Level 1.5(1.9) Dodging
 - Level 3.6(4.0) Stealth
 + Level 4.8 Spellcasting
 + Level 6.0 Hexes
 - Level 3.0 Ice Magic


You had 8 spell levels left.
You knew the following spells:

 Your Spells              Type           Power      Damage    Failure   Level
a - Confusing Touch       Hex            24%        N/A       3%          3
e - Ensorcelled Hibernat  Hex/Ice        38%        N/A       3%          2
t - Tukima's Dance        Hex            24%        N/A       3%          3

Your spell library contained the following spells:

 Spells                   Type           Power      Damage    Failure   Level
 Dazzling Flash           Conj/Hex       28%        N/A       13%         3
 Summon Guardian Golem    Hex/Summ       14%        N/A       13%         3
 Magic Dart               Conj           16%        1d3       14%         1
 Summon Small Mammal      Summ           16%        N/A       14%         1
 Call Imp                 Summ           8%         N/A       22%         2
 Call Canine Familiar     Summ           4%         N/A       41%         3
 Mephitic Cloud           Conj/Pois/Air  4%         N/A       41%         3


Dungeon Overview and Level Annotations

Branches:
Dungeon (7/15)             Temple (0/1) D:6           Sewer (visited)

Altars:
Ashenzari
Kikubaaqudgha
Makhleb
Wu Jian
Zin
The Shining One

Shops:
D:2 ?   D:4 :   D:5 (!=   D:6 *

Portals:
Abyss: D:3

Annotations:
D:3 2 transporters, bahustanut's ghost, amateur OpNe
D:6 exclusion: upstairs


Innate Abilities, Weirdness & Mutations

You have razor-sharp teeth.
Your natural rate of healing is unusually fast.
When hurt, damage is shared between your health and your magic reserves.
Your bite disrupts and absorbs the magic of your enemies.
Potions cannot restore your health.


Message History

Press: ? - help, Shift-Dir - straight line, f/p - hornet
Aim: a hornet (chance to affect: 43%)
The hornet resists with some effort.
The bullfrog misses you. The hornet stings you.
You feel as though you will be slow longer.
The bullfrog hits you but does no damage.
The hornet stings you.
You suddenly lose the ability to move!
The bullfrog hits you but does no damage.
The hornet stings you but does no damage.
The bullfrog hits you.
You can move again.
Casting: Ensorcelled Hibernation (safe; 3% risk of failure)
Confirm with . or Enter, or press ? or * to list all spells.
Aiming: Ensorcelled Hibernation (safe; 3% risk of failure)
Press: ? - help, Shift-Dir - straight line, f/p - hornet
Aim: a hornet (chance to affect: 43%)
The hornet resists with some effort.
The hornet stings you!
You feel as though you will be slow longer.
The bullfrog hits you but does no damage.
The hornet closely misses you. The bullfrog hits you. The hornet stings you.
You feel as though you will be slow longer.
As you read the scroll of teleportation, it crumbles to dust.
You feel strangely unstable. The bullfrog completely misses you.
The hornet closely misses you. The bullfrog closely misses you.
The jelly closely misses you. The hornet stings you!
* * * LOW HITPOINT WARNING * * *
You shrug off the repeated paralysis!
You completely miss the jelly. You bite the jelly. You drain its power.
You feel invigorated.
The jelly is lightly wounded.
The bullfrog barely misses you. The hornet stings you!
* * * LOW HITPOINT WARNING * * *
You feel as though you will be slow longer.
The jelly hits you but does no damage.
The bullfrog hits you but does no damage.
Okay, then.
You hit the jelly.
Your hands burn!
The jelly is moderately wounded.
The hornet closely misses you. The bullfrog hits you.
You die...

..................
.###...#................
..###.##................
...#..#.................
........................
....#........###........
...#...>....####........
...##.......?#..JF.....#
##.#............@y......
...........####.....#...
#....#.................
#...###................
... .>..............##
...##.............. ..#
......#........
.....<.........


You could see a hornet, a bullfrog and a jelly.

Vanquished Creatures
  Sigmund (D:5)
  A steam dragon (D:6)
  2 black bears (D:6)
  2 ogres (D:5)
  2 phantoms (D:5)
  A bullfrog (D:6)
  2 scorpions (D:5)
  2 hounds (D:5)
  2 jellies
  Crazy Yiuf (D:6)
  An iguana (D:6)
  3 orc wizards
  2 sleepcaps (D:6)
  5 adders
  4 river rats (Sewer)
  A white imp (D:5)
  4 ufetubi
  A worm (D:2)
  2 dart slugs
  18 orcs
  8 ball pythons
  5 bats
  6 endoplasms
  5 giant cockroaches
  10 goblins
  7 hobgoblins
  6 jackals
  7 kobolds
  3 quokkas
  7 frilled lizards
  11 rats
  A spectral goblin (D:1)
133 creatures vanquished.

Notes
Turn   | Place    | Note
-------+----------+-------------------------------------------
     0 | D:1      | porpoise the Vine Stalker Enchanter began the quest for the
                  | Orb.
     0 | D:1      | Reached XP level 1. HP: 9/9 MP: 4/4
    23 | D:1      | Reached skill level 1 in Short Blades
    60 | D:1      | Reached XP level 2. HP: 13/13 MP: 6/6
   364 | D:1      | Reached XP level 3. HP: 16/16 MP: 5/7
   367 | D:1      | Learned a level 2 spell: Ensorcelled Hibernation
   371 | D:1      | Learned a level 3 spell: Confusing Touch
   461 | D:1      | Found a faded altar of an unknown god.
   863 | D:2      | Found Beageisch's Magic Scroll Emporium.
   877 | D:2      | Bought a scroll of identify for 20 gold pieces
  1381 | D:3      | Reached XP level 4. HP: 21/21 MP: 9/9
  1591 | D:3      | Noticed a small abomination
  1604 | D:3      | Found a one-way gate to the infinite horrors of the Abyss.
  1604 | D:3      | Found a transporter.
  1604 | D:3      | Noticed bahustanut's ghost (amateur OpNe)
  1604 | D:3      | Noticed a kobold brigand
  1668 | D:3      | Reached skill level 1 in Ice Magic
  1680 | D:3      | Learned a level 3 spell: Tukima's Dance
  1701 | D:3      | Found a broken altar of Ashenzari.
  1775 | D:3      | Became a worshipper of Ashenzari the Shackled
  1841 | D:3      | Found a transporter.
  1933 | D:3      | Noticed a small abomination
  1934 | D:3      | Noticed a small abomination
  2040 | D:3      | Reached XP level 5. HP: 24/24 MP: 10/10
  2398 | D:4      | Found a glowing silver altar of Zin.
  2401 | D:4      | Found an ornate altar of the Wu Jian Council.
  2606 | D:4      | Found Ymmilim's Book Shop.
  2715 | D:4      | Found a glowing golden altar of the Shining One.
  2969 | D:4      | Found an ancient bone altar of Kikubaaqudgha.
  3132 | D:5      | Entered Level 5 of the Dungeon
  3132 | D:5      | Noticed an ogre
  3136 | D:5      | Killed an ogre
  3137 | D:5      | Reached XP level 6. HP: 28/28 MP: 11/11
  3137 | D:5      | Reached * piety under Ashenzari
  3148 | D:5      | Found a glowing drain.
  3169 | Sewer    | Entered a sewer
  4143 | D:5      | Reached XP level 7. HP: 17/32 MP: 7/12
  4285 | D:5      | Found Nifufos's Jewellery Shop.
  4288 | D:5      | Found Totuufupn's Distillery.
  4288 | D:5      | Found Siongo Nose's Weapon Shop.
  4418 | D:5      | Reached skill level 5 in Short Blades
  4546 | D:5      | Reached skill level 5 in Hexes
  4624 | D:5      | Bought a potion of curing for 36 gold pieces
  4694 | D:5      | Noticed Sigmund
  4698 | D:5      | Killed Sigmund
  4699 | D:5      | Gained mutation: You have razor-sharp teeth. [Vine Stalker
                  | growth]
  4699 | D:5      | Reached XP level 8. HP: 36/36 MP: 9/14
  5429 | D:6      | Found a staircase to the Ecumenical Temple.
  5595 | D:6      | Found Xyibef's General Store.
  6036 | D:6      | Found a runed translucent door.
  6037 | D:6      | Noticed Crazy Yiuf
  6046 | D:6      | Killed Crazy Yiuf
  6365 | D:6      | Found a burning altar of Makhleb.
  6651 | D:7      | Identified the +0 robe of Quta {Fly rN++}
  6684 | D:7      | Noticed a hornet
  6692 | D:7      | Paralysed by a hornet for 2 turns
  6697 | D:7      | Slain by a bullfrog

Illustrated notes

Levels and vault maps discovered:
D:1:      elethiomel_arrival_infinity_welcomes_careful_drivers,
          layout_loops_ring, serial_glass, glass_columns_c, glass_columns_a,
          dreamdust_ecumenical_altar_drowned_temple, serial_bayou_pond_a
D:2:      layout_rooms, serial_shops, shop, chequers_serial_rivers_micro_b
D:3:      layout_loops_ring, nicolae_ashenzari_panopticon,
          gammafunk_ghost_abyssal_escape, st_stairs_5, nrook_campfire
D:4:      layout_gridville, amcnicky_altar_gilded,
          mainiacjoe_overflow_catwalk_spiral, mainiacjoe_overflow_alcove_2,
          serial_shops, shop
D:5:      layout_loops_corners, portal_sewer_entry_f,
          nicolae_shop_distant_corner_stores, uniq_sigmund
D:6:      layout_layer_cave, lemuel_crystal_altar, minmay_temple_entry_wispy,
          serial_shops, nicolae_square_shop, uniq_crazy_yiuf_cottage
D:7:      layout_cave_pools, mainiacjoe_overflow_brackets, tgw_trog,
          okawaru_humans

Skill      XL: |  1  2  3  4  5  6  7  8 |
---------------+-------------------------+-----
Short Blades   | 1 2 3 4 5 6 |  6.9
Ice Magic      | 1 2 3 |  3.0
Spellcasting   | 3 4 |  4.8
Hexes          | 4 5 6 |  6.0
Dodging        | |  1.5
Stealth        | |  3.6

Action                     |  1- 3 |  4- 6 |  7- 9 || total
---------------------------+-------+-------+-------++-------
  Melee: Dagger            |    84 |   185 |   114 ||   383
         Bite              |    21 |    50 |    38 ||   109
         Punch             |       |     6 |     1 ||     7
   Cast: Ensorcelled Hiber |     1 |    16 |    21 ||    38
         Confusing Touch   |       |     1 |     5 ||     6
 Invoke: Curse Item        |       |     2 |     1 ||     3
         Shatter the Chain |       |       |     2 ||     2
    Use: Scroll            |     3 |     2 |     1 ||     6
   Stab: Sleeping          |    17 |    13 |    13 ||    43
         Confused          |       |     1 |     3 ||     4
 Armour: Robe              |    26 |    78 |    85 ||   189
  Dodge: Dodged            |    35 |    65 |    67 ||   167

Table legend: (Time is in decaauts)
 A = Elapsed time spent in this place.
 B = Non-inter-level travel time spent in this place.
 C = Inter-level travel time spent in this place.
 D = Time resting spent in this place.
 E = Time spent auto-exploring this place.
 F = Levels seen in this place.
 G = Mean time per level.
                   A        B        C        D        E       F      G
               +--------+--------+--------+--------+--------+-----+--------+
         Total |   6777 |   6311 |    466 |    771 |   3913 |   8 |  847.1 |
       Dungeon |   5913 |   5447 |    466 |    592 |   3882 |   7 |  844.7 |
         Sewer |    864 |    864 |      0 |    179 |     31 |   1 |  864.0 |
               +--------+--------+--------+--------+--------+-----+--------+

Top non-repeatable levels by time:
     D:6: 1451 daAuts
     D:5: 1225 daAuts
     D:3: 1009 daAuts
     D:1: 867 daAuts
   Sewer: 864 daAuts
     D:4: 852 daAuts
     D:2: 457 daAuts
     D:7: 49 daAuts
